 Dungeon Crawl Stone Soup version 0.30-a0-859-gf88a04b62d (webtiles) character file.

Game seed: 2478626158896477200

11 KeTuFaisPiKiNut the Grave Robber (level 2, -1/20 HPs)
             Began as a Draconian Necromancer on Mar 6, 2023.
             Slain by Sigmund
             ... wielding a +0 scythe
              (6 damage)
             ... on level 2 of the Dungeon.
             The game lasted 00:02:38 (261 turns).

KeTuFaisPiKiNut the Grave Robber (DrNe)              Turns: 261, Time: 00:02:39

Health: -1/20      AC:  7    Str: 10    XL:     2   Next: 13%
Magic:  5/5        EV: 12    Int: 15    God:
Gold:   15         SH:  0    Dex: 11    Spells: 4/5 levels left

rFire   . . .      SeeInvis .    c - +0 club
rCold   . . .      Faith    .    (no shield)
rNeg    . . .      Spirit   .    (body armour unavailable)
rPois   .          Reflect  .    (helmet restricted)
rElec   .          Rampage  .    (no cloak)
rCorr   .                        b - +2 pair of gloves
Will    .....                    (no boots)
Stlth   ++                       (no amulet)
HPRegen 0.23/turn                (no ring)
MPRegen 0.09/turn                (no ring)

@: no status effects
A: AC +4, unfitting armour, cold-blooded
a: no special abilities


You were on level 2 of the Dungeon.
You visited 1 branch of the dungeon, and saw 2 of its levels.

You collected 15 gold pieces.

Inventory:

Hand Weapons
 c - a +0 club (weapon)
 e - a +0 sling
Missiles
 f - a stone
Armour
 b - a +2 pair of gloves (worn)
Scrolls
 d - a scroll of silence {unknown}
Potions
 a - a potion of magic


   Skills:
 + Level 1.8 Dodging
 + Level 1.8 Stealth
 + Level 2.1 Spellcasting
 + Level 4.3 Necromancy


You had 4 spell levels left.
You knew the following spells:

 Your Spells              Type           Power      Damage    Failure   Level
a - Necrotise             Necr           56%        1d6       3%          1

Your spell library contained the following spells:

 Spells                   Type           Power      Damage    Failure   Level
 Vampiric Draining        Necr           14%        2d7       11%         3
 Animate Dead             Necr           14%        N/A       36%         4
 Summon Lightning Spire   Summ/Air       1%         N/A       91%         4
 Agony                    Necr           14%        N/A       71%         5
 Storm Form               Tmut/Air       0%         N/A       100%        7
 Maxwell's Capacitive Co  Air            0%         ∞         100%        8


Dungeon Overview and Level Annotations

Branches:
Dungeon (2/15)

Altars:

Annotations:
D:2 Sigmund


Innate Abilities, Weirdness & Mutations

Your plain brown scales are hard. (AC +4)
You cannot fit into any form of body armour.
You are cold-blooded and may be slowed by cold attacks.


Message History

You bump into the rock wall.
The ball python bites you but does no damage.
The ball python constricts you.
Sigmund hits you from afar with a +0 scythe.
The ball python's grasp on you weakens, but your attempt to escape fails.
The ball python closely misses you. The ball python constricts you.
You're too confused to cast spells.
You escape the ball python's grasp.
The ball python attacks as you move away!
The ball python bites you but does no damage.
The ball python barely misses you.
You're too confused to cast spells.
You barely miss the ball python.
You feel less confused.
The ball python bites you but does no damage.
The ball python completely misses you.
You hit the ball python.
You kill the ball python!
The bat closely misses you. Sigmund closely misses you.
The bat closely misses you. The bat hits you. Sigmund misses you.
You see here a ball python corpse.
Sigmund gestures at you while chanting. The magic dart hits you.
The bat misses you. The bat hits you but does no damage.
Sigmund closely misses you.
Things that are here:
a hobgoblin corpse; a rat corpse The bat barely misses you.
The bat misses you.
You closely miss the bat.
The bat is moderately wounded.
The bat hits you. The bat hits you but does no damage.
Sigmund barely misses you. The bat closely misses you.
You hit the bat.
You kill the bat!
Sigmund points at you and mumbles some strange words.
The puff of flame hits you.
* * * LOW HITPOINT WARNING * * *
Sigmund hits you with a +0 scythe.
You die...

.~~≈~..≈~~.....
###~♣.~#~..~♣..##
#..≈...≈..~≈~#..#
#.#~.#..♣#~.≈...###
#.#..#.~.#.~.#..... #
#.##~#~~...~## .### ####.
#.#..........#..##..
......###.#.........<.......
........†.@@........#.......
#####..##.###########.......
................. ...##..
#.#.#.#..........# #### .
#.....#..........#
###.###..........#
................#
###.#####.......# #
#.......#


You could see Sigmund.

Vanquished Creatures
  A bat (D:2)
  2 endoplasms (D:1)
  A goblin (D:1)
  2 hobgoblins (D:2)
  A quokka (D:1)
  A ball python (D:2)
  A rat (D:2)
9 creatures vanquished.

Vanquished Creatures (others)
  2 plants (D:1)
2 creatures vanquished.

Grand Total: 11 creatures vanquished

Notes
Turn   | Place    | Note
-------+----------+-------------------------------------------
     0 | D:1      | KeTuFaisPiKiNut the Draconian Necromancer began the quest
                  | for the Orb.
     0 | D:1      | Reached XP level 1. HP: 14/14 MP: 3/3
   232 | D:2      | Reached XP level 2. HP: 20/20 MP: 5/5
   237 | D:2      | Noticed Sigmund
   261 | D:2      | Slain by Sigmund

Illustrated notes

Levels and vault maps discovered:
D:1:      tarquinn_simple_flora_water_c, layout_basic
D:2:      layout_basic, shapermc_ecumenical_altar_mp_highgroup,
          hangedman_decor_peaks_small, chequers_serial_rivers_marsh,
          uniq_sigmund

Action                     || total
---------------------------++-------
  Melee: Club              ||    20
         Unarmed           ||    13
         Tailslap          ||     6
         Punch             ||     1
   Cast: Necrotise         ||     6
 Armour: Skin              ||    10
  Dodge: Dodged            ||    35

Table legend: (Time is in decaauts)
 A = Elapsed time spent in this place.
 B = Non-inter-level travel time spent in this place.
 C = Inter-level travel time spent in this place.
 D = Time resting spent in this place.
 E = Time spent auto-exploring this place.
 F = Levels seen in this place.
 G = Mean time per level.
                   A        B        C        D        E       F      G
               +--------+--------+--------+--------+--------+-----+--------+
         Total |    271 |    262 |      9 |      0 |      0 |   2 |  135.5 |
       Dungeon |    271 |    262 |      9 |      0 |      0 |   2 |  135.5 |
               +--------+--------+--------+--------+--------+-----+--------+

Top non-repeatable levels by time:
     D:1: 188 daAuts
     D:2: 83 daAuts
